[Event "Titled Tuesday Blitz January 10 Early 2023"]
[White "Lutz, Igor Oscar"]
[Black "Papayan, Oleg"]
[WhiteFideId "2110806"]
[BlackFideId "4193911"]
[WhiteElo "1969"]
[BlackElo "2253"]
[Result "0-1"]
[Round "08"]
[TimeControl "180+2"]
[Date "2023.01.10"]
[WhiteClock "0:02:08"]
[BlackClock "0:02:31"]

1. d4 Nf6 2. c4 e6 3. g3 d5 4. Nf3 dxc4 5. Qa4+ Nbd7 6. Qxc4 a6 7. Bg2 c5 8. O-O b5 9. Qc2 Bb7 10. dxc5 Bxc5 11. Rd1 Rc8 12. Qd3 Be4 13. Qb3 Bc2 14. Qxc2 Bxf2+ 15. Kxf2 Rxc2 16. Nc3 Qb6+ 17. Be3 Ng4+ 0-1


[Site "https://www.chess.com"]

[Event "Titled Tuesday Blitz January 10 Early 2023"]
[White "Forgacs, Attila Jr."]
[Black "Bashirli, Saadat"]
[WhiteFideId "773654"]
[BlackFideId "13429990"]
[WhiteElo "2264"]
[BlackElo "1571"]
[Result "1-0"]
[Round "08"]
[TimeControl "180+2"]
[Date "2023.01.10"]
[WhiteClock "0:00:07"]
[BlackClock "0:00:01"]

1. e4 c5 2. d3 g6 3. g3 Bg7 4. Bg2 e6 5. f4 Ne7 6. Nf3 O-O 7. O-O d5 8. e5 Nbc6 9. c3 Bd7 10. Be3 b6 11. Bf2 Qc7 12. a4 a6 13. Nbd2 Na7 14. g4 f6 15. exf6 Bxf6 16. Re1 Qxf4 17. h3 Qc7 18. d4 Nac6 19. dxc5 bxc5 20. Bxc5 Qg3 21. Bf2 Qc7 22. Nb3 Rab8 23. Nc5 Rxb2 24. Nxe6 Bxe6 25. Rxe6 Bxc3 26. Qd3 Bg7 27. Rae1 a5 28. Bh4 Nc8 29. Qxd5 Nb4 30. Qe4 Qc3 31. Re8 Qc5+ 32. Kh1 Qd6 33. Qc4+ Qd5 34. Qxc8 Nd3 35. Rxf8+ Bxf8 36. Qe6+ Qxe6 37. Rxe6 Nf4 38. Re5 Nxg2 39. Bf6 Nf4 40. Rxa5 Rb3 41. Ne5 Rxh3+ 42. Kg1 Ra3 43. Ra8 Nd5 44. Bg5 Ra1+ 45. Kf2 Ra2+ 46. Ke1 Nc3 47. Bh6 Ra1+ 48. Kd2 Ne4+ 49. Kc2 1-0


[Site "https://www.chess.com"]

[Event "Titled Tuesday Blitz January 10 Early 2023"]
[White "Vifleemskaia, Svetlana"]
[Black "Skurikhin, Dmitrij"]
[WhiteFideId "4129490"]
[BlackFideId "4161297"]
[WhiteElo "1971"]
[BlackElo "2297"]
[Result "0-1"]
[Round "08"]
[TimeControl "180+2"]
[Date "2023.01.10"]
[WhiteClock "0:00:11"]
[BlackClock "0:01:25"]

1. d4 d5 2. c4 c6 3. cxd5 cxd5 4. Bf4 Nf6 5. Nc3 Nc6 6. e3 Bf5 7. Qb3 Na5 8. Qa4+ Bd7 9. Qc2 Rc8 10. Bd3 Nc6 11. a3 Bg4 12. f3 Bh5 13. Nge2 Bg6 14. O-O e6 15. Rac1 a6 16. Rfd1 Be7 17. Bxg6 hxg6 18. e4 Nh5 19. Be3 Bg5 20. f4 Be7 21. e5 g5 22. f5 O-O 23. g4 Nf4 24. Nxf4 gxf4 25. Bxf4 Nxd4 26. Rxd4 Bc5 27. Be3 Bxd4 28. Bxd4 Qg5 29. h3 exf5 30. Re1 fxg4 31. Qg2 Rc4 32. Be3 Qxe5 33. Qxd5 Qg3+ 34. Qg2 Qxe1+ 35. Kh2 Qxe3 0-1


[Site "https://www.chess.com"]

[Event "Titled Tuesday Blitz January 10 Early 2023"]
[White "Ivanova, Karina"]
[Black "Matveeva, Olga"]
[WhiteFideId "24139750"]
[BlackFideId "24107018"]
[WhiteElo "2085"]
[BlackElo "2128"]
[Result "0-1"]
[Round "08"]
[TimeControl "180+2"]
[Date "2023.01.10"]
[WhiteClock "0:00:53"]
[BlackClock "0:00:51"]

1. Nf3 d5 2. g3 Nf6 3. Bg2 e6 4. O-O Be7 5. d4 O-O 6. Nbd2 c5 7. c4 Nc6 8. cxd5 exd5 9. dxc5 Bxc5 10. a3 a5 11. Nb3 Bb6 12. Nbd4 Re8 13. e3 Bg4 14. Qd3 Ne4 15. b3 Rc8 16. Bb2 Qe7 17. Rac1 h6 18. Qb5 Ba7 19. Qxd5 Rcd8 20. Nxc6 bxc6 21. Qxa5 Bxf3 22. Bxf3 Nd2 23. Bxc6 Nxf1 24. Bxe8 Nxe3 25. Qe5 Qxe5 26. Bxe5 Rxe8 27. Bf4 Ng4 28. Rf1 Nxf2 29. Rxf2 Re2 0-1


[Site "https://www.chess.com"]

[Event "Titled Tuesday Blitz January 10 Early 2023"]
[White "Tuleyeva-Aketayeva, Dana"]
[Black "Mrudul Dehankar"]
[WhiteFideId "13701932"]
[BlackFideId "25096990"]
[WhiteElo "2130"]
[BlackElo "2030"]
[Result "0-1"]
[Round "08"]
[TimeControl "180+2"]
[Date "2023.01.10"]
[WhiteClock "0:00:12"]
[BlackClock "0:00:40"]

1. d4 Nf6 2. Nf3 e6 3. g3 b6 4. Bg2 Bb7 5. O-O Be7 6. c4 O-O 7. Nc3 Bb4 8. a3 Bxc3 9. bxc3 d6 10. Nd2 Bxg2 11. Kxg2 Nbd7 12. e4 e5 13. f3 Re8 14. Nb3 a5 15. a4 Qc8 16. Be3 Qa6 17. Qd3 d5 18. Nd2 dxe4 19. fxe4 exd4 20. Bxd4 Rad8 21. Qc2 Ng4 22. h3 Nge5 23. Nf3 Qxc4 24. Qf2 Nxf3 25. Qxf3 Ne5 26. Qf4 Ng6 27. Qf5 c5 28. Bg1 Re5 29. Qf2 Rxe4 30. Rad1 Rxd1 31. Rxd1 Re2 32. Rd8+ Nf8 33. Kh1 Rxf2 34. Bxf2 Qf1+ 35. Bg1 Qxh3+ 36. Bh2 Qf1+ 37. Bg1 Qf3+ 38. Kh2 Qxc3 39. Bf2 Qf6 40. Rd2 Ne6 41. g4 Qf4+ 42. Bg3 Qxd2+ 0-1


[Site "https://www.chess.com"]

[Event "Titled Tuesday Blitz January 10 Early 2023"]
[White "Guevara Sanchez, Erick Marvin"]
[Black "Ortega Amarelle, Mariano"]
[WhiteFideId "6700136"]
[BlackFideId "3504301"]
[WhiteElo "2073"]
[BlackElo "2472"]
[Result "0-1"]
[Round "08"]
[TimeControl "180+2"]
[Date "2023.01.10"]
[WhiteClock "0:00:03"]
[BlackClock "0:00:04"]

1. e4 d6 2. d4 g6 3. h4 h5 4. Nf3 Bg4 5. Be2 Bxf3 6. Bxf3 c6 7. Nc3 Bh6 8. Bxh6 Rxh6 9. Qd2 Rh8 10. O-O-O a5 11. Rhe1 a4 12. Qf4 e6 13. d5 e5 14. Qg3 Qf6 15. Rd2 Ne7 16. Red1 Nc8 17. Qh3 Nd7 18. g4 hxg4 19. Bxg4 Ndb6 20. dxc6 bxc6 21. Rh1 Ne7 22. Qd3 Qf4 23. f3 d5 24. Kb1 Kf8 25. Rhd1 Nc4 26. Rg2 Rb8 27. b3 axb3 28. axb3 Ne3 29. Rdg1 Nxg2 30. Rxg2 d4 31. Nd1 Kg7 32. Qc4 Rxh4 33. Qc5 Qf6 34. Bd7 Rh1 0-1


[Site "https://www.chess.com"]

[Event "Titled Tuesday Blitz January 10 Early 2023"]
[White "Melikhov, Evgeny V."]
[Black "Kornyukov, Alexey"]
[WhiteFideId "4122046"]
[BlackFideId "4150457"]
[WhiteElo "2269"]
[BlackElo "2452"]
[Result "1-0"]
[Round "08"]
[TimeControl "180+2"]
[Date "2023.01.10"]
[WhiteClock "0:00:52"]
[BlackClock "0:00:45"]

1. d4 d5 2. c4 e6 3. Nc3 Be7 4. cxd5 exd5 5. Bf4 Nf6 6. Qc2 O-O 7. e3 c5 8. dxc5 Nc6 9. Nf3 Bg4 10. Be2 Bxf3 11. Bxf3 d4 12. Bxc6 dxc3 13. Bf3 cxb2 14. Qxb2 Qa5+ 15. Qd2 Qxd2+ 16. Kxd2 Bxc5 17. Bxb7 Rad8+ 18. Ke2 Rd7 19. Bc6 Re7 20. Rac1 Ba3 21. Rc3 Bb4 22. Rb3 Bc5 23. Rc1 Rc8 24. Rxc5 Re6 25. Rbc3 h6 26. Bf3 Rxc5 27. Rxc5 Ra6 28. Rc2 g5 29. Be5 g4 30. Bb7 Rb6 31. Rc7 Kg7 32. a4 Kg6 33. a5 Rb5 34. Bd4 Ne4 35. Bxe4+ 1-0


[Site "https://www.chess.com"]

[Event "Titled Tuesday Blitz January 10 Early 2023"]
[White "Kuchava, Ana"]
[Black "Rian, Kapriaga"]
[WhiteFideId "13605348"]
[BlackFideId "7103263"]
[WhiteElo "2101"]
[BlackElo "2089"]
[Result "0-1"]
[Round "08"]
[TimeControl "180+2"]
[Date "2023.01.10"]
[WhiteClock "0:00:08"]
[BlackClock "0:00:13"]

1. d4 Nf6 2. Nf3 e6 3. c4 d5 4. Nc3 Be7 5. Bg5 h6 6. Bh4 O-O 7. e3 Ne4 8. Bxe7 Qxe7 9. Bd3 Nxc3 10. bxc3 dxc4 11. Bxc4 b6 12. O-O Bb7 13. Qe2 Nd7 14. e4 e5 15. Rfe1 Rfe8 16. Bd3 Rad8 17. Rad1 Qa3 18. Qc2 Re7 19. Qb3 Qxb3 20. axb3 exd4 21. cxd4 Rde8 22. e5 Bxf3 23. gxf3 c5 24. dxc5 Nxc5 25. Bb5 Rc8 26. b4 Ne6 27. Rc1 Rec7 28. Rxc7 Rxc7 29. Re4 Kf8 30. f4 g6 31. Kg2 Ke7 32. h4 h5 33. Be2 Ng7 34. b5 Nf5 35. Kf3 Nxh4+ 36. Ke3 Nf5+ 37. Kd3 Rc5 38. Ra4 Rc7 39. Ke4 Ng7 40. f5 Nxf5 41. Bxh5 Ng7 42. Bg4 Ne6 43. f4 Nc5+ 0-1


[Site "https://www.chess.com"]

[Event "Titled Tuesday Blitz January 10 Early 2023"]
[White "Pak, Yevgeniy"]
[Black "Levine, David"]
[WhiteFideId "14201712"]
[BlackFideId "2011611"]
[WhiteElo "2384"]
[BlackElo "2040"]
[Result "0-1"]
[Round "08"]
[TimeControl "180+2"]
[Date "2023.01.10"]
[WhiteClock "0:00:05"]
[BlackClock "0:00:48"]

1. e4 e5 2. Nc3 Nf6 3. g3 d5 4. Bg2 d4 5. Nce2 c5 6. d3 Nc6 7. f4 Bd6 8. Nf3 Bg4 9. O-O h5 10. h3 Bd7 11. fxe5 Nxe5 12. Bf4 Qc7 13. Nxe5 Bxe5 14. Bxe5 Qxe5 15. Nf4 O-O-O 16. a4 g5 17. Ne2 Rdf8 18. b4 h4 19. Qe1 g4 0-1


[Site "https://www.chess.com"]

[Event "Titled Tuesday Blitz January 10 Early 2023"]
[White "Winkels, Marcel"]
[Black "Zanette, Edgard Vinicius"]
[WhiteFideId "1003887"]
[BlackFideId "2109263"]
[WhiteElo "1960"]
[BlackElo "2085"]
[Result "0-1"]
[Round "08"]
[TimeControl "180+2"]
[Date "2023.01.10"]
[WhiteClock "0:00:01"]
[BlackClock "0:00:23"]

1. d4 Nf6 2. Bg5 e6 3. e4 h6 4. Bxf6 Qxf6 5. Nc3 d6 6. Qd2 a6 7. O-O-O Bd7 8. f4 g6 9. Nf3 Bg7 10. e5 Qe7 11. d5 O-O 12. h4 dxe5 13. Nxe5 Be8 14. dxe6 Qxe6 15. Kb1 Nc6 16. Bc4 Qf6 17. Nd5 Qd6 18. Qe2 Nxe5 19. fxe5 Qxe5 20. Qxe5 Bxe5 21. Rhe1 Bd6 22. Nf6+ Kg7 23. Ne4 Bb4 24. c3 Ba5 25. Nc5 Bc6 26. g3 Rae8 27. Rf1 Re7 28. Rd2 Rfe8 29. Rdf2 Re1+ 30. Rxe1 Rxe1+ 31. Kc2 Re7 32. Rd2 Bb6 33. Nd3 Re3 34. g4 Be4 35. Kb3 f5 36. gxf5 Bxf5 37. Nf4 Re4 38. Nd5 Rxh4 39. Nxb6 cxb6 40. Bd5 Kf6 41. Bxb7 Be6+ 42. Kc2 a5 43. Rd6 Ke5 44. Rxb6 Rh2+ 45. Kc1 g5 46. Rb5+ Kf4 47. Rxa5 g4 48. Ra4+ Kg3 0-1


[Site "https://www.chess.com"]

[Event "Titled Tuesday Blitz January 10 Early 2023"]
[White "Kiseleva, Arina"]
[Black "De Souza, Cristiano Gomes"]
[WhiteFideId "4164989"]
[BlackFideId "2151758"]
[WhiteElo "1962"]
[BlackElo "2018"]
[Result "1/2-1/2"]
[Round "08"]
[TimeControl "180+2"]
[Date "2023.01.10"]
[WhiteClock "0:00:04"]
[BlackClock "0:00:20"]

1. d4 Nf6 2. Nf3 g6 3. c4 Bg7 4. Nc3 d6 5. e4 O-O 6. h3 e5 7. d5 Nbd7 8. Be3 Nc5 9. Nd2 a5 10. Be2 b6 11. Qc2 Nfd7 12. g4 a4 13. Nf1 Ra5 14. Ng3 Bb7 15. h4 c6 16. h5 cxd5 17. Nxd5 Bxd5 18. exd5 Qe7 19. hxg6 hxg6 20. Bh6 e4 21. Bxg7 Kxg7 22. Qd2 Rh8 23. Rxh8 Kxh8 24. O-O-O Kg7 25. Rh1 Qe5 26. Qh6+ Kf6 27. Nf5 Nd3+ 28. Bxd3 exd3 29. Qh8+ Kg5 30. Qh6+ Kf6 31. Qg7+ Kg5 32. Qh6+ Kf6 1/2-1/2


[Site "https://www.chess.com"]

[Event "Titled Tuesday Blitz January 10 Early 2023"]
[White "Necula, Iulian"]
[Black "Blokhin, Sofia"]
[WhiteFideId "1232380"]
[BlackFideId "4508190"]
[WhiteElo "1851"]
[BlackElo "2062"]
[Result "0-1"]
[Round "08"]
[TimeControl "180+2"]
[Date "2023.01.10"]
[WhiteClock "0:00:08"]
[BlackClock "0:00:02"]

1. d4 Nf6 2. Nc3 g6 3. e4 d6 4. Nf3 Bg7 5. h3 O-O 6. Be2 Nc6 7. Be3 e5 8. dxe5 dxe5 9. Qxd8 Rxd8 10. O-O b6 11. a3 Bb7 12. Rad1 Rd7 13. Rxd7 Nxd7 14. Nd5 Nd4 15. Bxd4 exd4 16. Nxc7 Rc8 17. Nb5 Rxc2 18. Bd3 Rxb2 19. Rb1 Rxb1+ 20. Bxb1 Nc5 21. Nbxd4 Nxe4 22. a4 Nc3 23. Bc2 Kf8 24. Kf1 Ke7 25. Ke1 a6 26. Kd2 Nd5 27. Bb3 Kd6 28. Ne2 Bc6 29. Ng5 Bh6 30. f4 Ke7 31. Bxd5 Bxd5 32. Nc3 Bxg2 33. h4 f6 34. Nge4 Bxf4+ 35. Ke2 Bxe4 36. Nxe4 Be5 37. Ke3 Ke6 38. Nf2 Kf5 39. Kf3 g5 40. h5 Bd4 41. Ng4 Bc5 42. Nh2 b5 43. axb5 axb5 44. Nf1 b4 45. Ng3+ Ke6 46. Ne2 Bd6 47. Nd4+ Kf7 48. Ke4 Bc5 49. Nb3 Bb6 50. Kf5 Bf2 51. Kg4 h6 52. Kf5 Bh4 53. Nc5 Ke7 54. Nb3 Kd6 55. Kxf6 g4+ 56. Kf5 g3 57. Nd4 g2 58. Nf3 Bf2 59. Ke4 g1=Q 60. Nxg1 Bxg1 61. Kd3 Ke5 62. Kc4 Bc5 0-1


[Site "https://www.chess.com"]

[Event "Titled Tuesday Blitz January 10 Early 2023"]
[White "Tarnowska, Aleksandra"]
[Black "Muzzi, Eduardo"]
[WhiteFideId "1180967"]
[BlackFideId "3001253"]
[WhiteElo "1835"]
[BlackElo "1917"]
[Result "0-1"]
[Round "08"]
[TimeControl "180+2"]
[Date "2023.01.10"]
[WhiteClock "0:00:02"]
[BlackClock "0:00:20"]

1. e4 e6 2. d4 d5 3. Nd2 Nf6 4. e5 Nfd7 5. Bd3 c5 6. c3 Nc6 7. Ne2 cxd4 8. cxd4 f6 9. exf6 Nxf6 10. O-O Bd6 11. Nf3 Qc7 12. Bg5 O-O 13. Bh4 Nh5 14. Ng3 Nxg3 15. Bxg3 Bxg3 16. hxg3 Bd7 17. Ng5 h6 18. Nf3 Be8 19. Qe2 Rf6 20. g4 Bg6 21. g5 hxg5 22. Nxg5 Bxd3 23. Qxd3 Rf5 24. Nxe6 Qf7 25. Rae1 Re8 26. Nc5 Rxe1 27. Rxe1 Rxf2 28. Qe3 Rxb2 29. Qe8+ Qxe8 30. Rxe8+ Kf7 31. Rc8 Nxd4 32. Rc7+ Kf6 33. Nxb7 Rc2 34. Rd7 Ne2+ 35. Kh2 Nf4 36. Nd8 Rxg2+ 37. Kh1 Rxa2 38. Rf7+ Kg6 39. Rxf4 Kg5 40. Rd4 Ra5 41. Nc6 Rc5 42. Ne7 Kf6 43. Ng8+ Ke5 44. Rd1 d4 45. Ne7 Ke4 46. Ng6 d3 47. Nf8 Ke3 48. Kg2 Ke2 49. Rf1 Rg5+ 50. Kh1 Kxf1 51. Ng6 Rh5+ 52. Nh4 Rxh4# 0-1


[Site "https://www.chess.com"]

[Event "Titled Tuesday Blitz January 10 Early 2023"]
[White "Vargas, Mauricio"]
[Black "Mohammadian, Mohammad"]
[WhiteFideId "4404572"]
[BlackFideId "12566055"]
[WhiteElo "2035"]
[BlackElo "1398"]
[Result "0-1"]
[Round "08"]
[TimeControl "180+2"]
[Date "2023.01.10"]
[WhiteClock "0:00:02"]
[BlackClock "0:00:21"]

1. e3 e5 2. Nc3 d5 3. g3 Nc6 4. Bg2 Be6 5. b3 Nf6 6. Bb2 a6 7. d3 Bd6 8. Nf3 h6 9. Ne2 Qe7 10. O-O O-O 11. a3 Qd7 12. c4 dxc4 13. bxc4 Bh3 14. Qc2 Bxg2 15. Kxg2 Qg4 16. c5 Be7 17. Nxe5 Nxe5 18. Bxe5 c6 19. f3 Qf5 20. Bd4 Rfd8 21. Rab1 Rab8 22. h3 Qe6 23. Rb6 Nd5 24. Nf4 Nxe3+ 25. Bxe3 Qxe3 26. Rc1 g5 27. Nh5 Qxd3 28. Qa2 Qd2+ 29. Qxd2 Rxd2+ 30. Kf1 Kh7 31. Rcb1 Bxc5 32. Rxb7 Rxb7 33. Rxb7 Rf2+ 34. Ke1 Rxf3 35. Rc7 Rxa3 36. Rxf7+ Kg6 0-1


[Site "https://www.chess.com"]

[Event "Titled Tuesday Blitz January 10 Early 2023"]
[White "Souza, Gustavo Horokoski De"]
[Black "Deev, Andrei"]
[WhiteFideId "2146584"]
[BlackFideId "4102690"]
[WhiteElo "1943"]
[BlackElo "2390"]
[Result "0-1"]
[Round "08"]
[TimeControl "180+2"]
[Date "2023.01.10"]
[WhiteClock "0:00:02"]
[BlackClock "0:01:04"]

1. d4 d6 2. c4 e5 3. dxe5 dxe5 4. Qxd8+ Kxd8 5. Nf3 Nc6 6. Nc3 Be6 7. b3 f6 8. Bb2 Nh6 9. h3 Nf7 10. O-O-O+ Kc8 11. g3 a5 12. h4 a4 13. Nxa4 Bxc4 14. Nc3 Be6 15. Kb1 Bc5 16. e3 Nd6 17. Bh3 Bxh3 18. Rxh3 Rd8 19. Rhh1 Bb4 20. Nd5 Ne4 21. Rhf1 Rd6 22. Nxb4 Nxb4 23. a3 Nd3 24. Kc2 Ndxf2 25. Rxd6 cxd6 26. Rc1 Kd7 27. Kb1 Ng4 28. Re1 Ke6 29. Ng1 Nxg3 30. Ne2 Nxe2 31. Rxe2 f5 32. Bc1 g6 33. Rc2 Kd7 34. b4 Nf6 35. Rg2 Rc8 36. Rg1 Rc4 37. h5 Nxh5 0-1


[Site "https://www.chess.com"]

[Event "Titled Tuesday Blitz January 10 Early 2023"]
[White "Buraczewski, Rafal"]
[Black "Kaiyrbekov, Rustam"]
[WhiteFideId "1155245"]
[BlackFideId "13702424"]
[WhiteElo "2123"]
[BlackElo "2295"]
[Result "1-0"]
[Round "08"]
[TimeControl "180+2"]
[Date "2023.01.10"]
[WhiteClock "0:00:33"]
[BlackClock "0:00:40"]

1. d4 Nf6 2. c4 e5 3. dxe5 Ng4 4. Nf3 Nc6 5. Nc3 Bb4 6. Bd2 Ngxe5 7. e3 O-O 8. Be2 d5 9. cxd5 Bxc3 10. Bxc3 Nxf3+ 11. Bxf3 Ne7 12. Qd4 Nf5 13. Qd2 Qg5 14. e4 Qxd2+ 15. Kxd2 Nd6 16. Kc2 c6 17. e5 Nb5 18. d6 Nxc3 19. bxc3 f6 20. exf6 Rxf6 21. Rad1 Bd7 22. Rhe1 Rd8 23. Kb2 Bf5 24. Re5 g6 25. g4 Bc8 26. Be2 b5 27. d7 Rxd7 28. Re8+ Rf8 29. Rxc8 Rxd1 30. Rxf8+ Kxf8 31. Bxd1 Ke7 32. Bf3 Kd6 33. Kc2 c5 34. Kd3 Ke5 35. Ke3 a5 36. Be2 b4 37. cxb4 cxb4 38. Bc4 g5 39. f4+ gxf4+ 40. Kf3 a4 41. Bg8 h6 42. h4 Kf6 43. Kxf4 a3 44. Bb3 Kg6 45. g5 hxg5+ 46. hxg5 Kg7 47. Kf5 Kf8 48. Kf6 Ke8 49. g6 Kf8 50. g7+ Ke8 51. g8=Q+ Kd7 52. Qe6+ Kc7 53. Ke7 Kb7 54. Bd5+ Ka7 55. Qc6 b3 56. Qb7# 1-0


[Site "https://www.chess.com"]

[Event "Titled Tuesday Blitz January 10 Early 2023"]
[White "Sadhwani, Raunak"]
[Black "Andreikin, Dmitry"]
[WhiteFideId "35093487"]
[BlackFideId "4158814"]
[WhiteElo "2627"]
[BlackElo "2729"]
[Result "1/2-1/2"]
[Round "09"]
[TimeControl "180+2"]
[Date "2023.01.10"]
[WhiteClock "0:02:14"]
[BlackClock "0:02:11"]

1. d4 d5 2. Nf3 Nf6 3. Bf4 c5 4. e3 Nc6 5. Nbd2 Bg4 6. c3 a6 7. h3 Bxf3 8. Nxf3 e6 9. Bd3 Bd6 10. Bxd6 Qxd6 11. O-O O-O 12. Qd2 Rad8 13. Rfd1 h6 14. a3 e5 15. dxe5 Nxe5 16. Nxe5 Qxe5 17. b4 Rc8 18. Rab1 cxb4 19. cxb4 Rc3 20. b5 Rxa3 21. bxa6 bxa6 22. Qb4 Qc3 23. Qxc3 Rxc3 24. Bxa6 Ra8 25. Bd3 g6 26. Rbc1 1/2-1/2


[Site "https://www.chess.com"]

[Event "Titled Tuesday Blitz January 10 Early 2023"]
[White "Anton Guijarro, David"]
[Black "Nakamura, Hikaru"]
[WhiteFideId "2285525"]
[BlackFideId "2016192"]
[WhiteElo "2690"]
[BlackElo "2775"]
[Result "0-1"]
[Round "09"]
[TimeControl "180+2"]
[Date "2023.01.10"]
[WhiteClock "0:00:01"]
[BlackClock "0:00:15"]

1. Nf3 d5 2. c4 d4 3. b4 c5 4. a3 Nc6 5. b5 Na5 6. e3 g6 7. exd4 Bg7 8. d3 cxd4 9. g3 Nf6 10. Bg2 Nd7 11. a4 Nc5 12. Ba3 Nab3 13. O-O Qc7 14. Ra2 Bf5 15. Ne1 O-O 16. Nd2 Nxd2 17. Rxd2 Rab8 18. a5 Rfd8 19. Nc2 Na4 20. Bb4 e5 21. Qa1 Nc3 22. Bxc3 dxc3 23. Qxc3 Qc5 24. Rfd1 Bg4 25. Re1 Bf5 26. Be4 Be6 27. Qb3 Rd7 28. Red1 Rbd8 29. Qb4 Qxb4 30. Nxb4 Bxc4 31. dxc4 Rxd2 32. Rxd2 Rxd2 33. Bxb7 Bf8 34. Nd5 Bc5 35. b6 Rxf2 36. Nc7 Ra2+ 37. Kf1 Rxa5 38. Na6 Bxb6 0-1


[Site "https://www.chess.com"]

[Event "Titled Tuesday Blitz January 10 Early 2023"]
[White "Bachmann, Axel"]
[Black "Dubov, Daniil"]
[WhiteFideId "3700488"]
[BlackFideId "24126055"]
[WhiteElo "2604"]
[BlackElo "2708"]
[Result "0-1"]
[Round "09"]
[TimeControl "180+2"]
[Date "2023.01.10"]
[WhiteClock "0:00:36"]
[BlackClock "0:01:49"]

1. e4 c5 2. Nf3 e6 3. d4 cxd4 4. Nxd4 Nf6 5. Nc3 Nc6 6. Nxc6 bxc6 7. Bd3 d5 8. O-O Be7 9. e5 Nd7 10. Qg4 Kf8 11. Qg3 c5 12. Na4 Bb7 13. c4 d4 14. b3 h5 15. Re1 Qc8 16. Bg5 Qd8 17. Bxe7+ Qxe7 18. h4 g6 19. Be4 Bxe4 20. Rxe4 Kg7 21. Rae1 a5 22. Qf3 Rab8 23. Nb2 Nb6 24. Nd3 a4 25. Rf4 Nd7 26. Rb1 Rb6 27. Qg3 Rhb8 28. Nc1 Nxe5 29. Re4 Nxc4 0-1


[Site "https://www.chess.com"]

[Event "Titled Tuesday Blitz January 10 Early 2023"]
[White "Nepomniachtchi, Ian"]
[Black "Kravtsiv, Martyn"]
[WhiteFideId "4168119"]
[BlackFideId "14113147"]
[WhiteElo "2794"]
[BlackElo "2598"]
[Result "1-0"]
[Round "09"]
[TimeControl "180+2"]
[Date "2023.01.10"]
[WhiteClock "0:01:58"]
[BlackClock "0:00:13"]

1. e4 e5 2. f4 d5 3. exd5 exf4 4. Nf3 Nf6 5. Bb5+ c6 6. dxc6 Nxc6 7. Nc3 Bd6 8. Qe2+ Be6 9. Nd4 O-O 10. Nxe6 fxe6 11. Bxc6 bxc6 12. b3 e5 13. Bb2 e4 14. O-O-O Re8 15. Rhe1 Kh8 16. Qc4 f3 17. Nxe4 Nxe4 18. Rxe4 fxg2 19. Rg4 Be5 20. Bxe5 Rxe5 21. Qxc6 Rc8 22. Qxg2 Rec5 23. c3 Qd3 24. Kb2 Rxc3 25. dxc3 Qxd1 26. Rd4 Qe1 27. Qd2 Qe8 28. a4 h6 29. a5 Qb5 30. b4 Re8 31. Rd8 Rxd8 32. Qxd8+ Kh7 33. Kb3 a6 34. Qd2 g5 35. c4 Qe5 36. c5 g4 37. Qc2+ Kg8 38. Qg6+ Kf8 39. Qd6+ Qxd6 40. cxd6 h5 41. b5 h4 42. bxa6 1-0


[Site "https://www.chess.com"]

[Event "Titled Tuesday Blitz January 10 Early 2023"]
[White "Salem, A.R. Saleh"]
[Black "Murzin, Volodar"]
[WhiteFideId "9301348"]
[BlackFideId "44155573"]
[WhiteElo "2677"]
[BlackElo "2604"]
[Result "1/2-1/2"]
[Round "09"]
[TimeControl "180+2"]
[Date "2023.01.10"]
[WhiteClock "0:00:04"]
[BlackClock "0:00:08"]

1. d4 d5 2. c4 c6 3. Nc3 Nf6 4. Nf3 e6 5. g3 Nbd7 6. Bg2 Be7 7. O-O O-O 8. Qd3 b6 9. e4 Ba6 10. b3 dxe4 11. Nxe4 b5 12. Nxf6+ Bxf6 13. Ba3 bxc4 14. bxc4 Re8 15. Rfd1 Qa5 16. Bd6 Rad8 17. Qc2 Nb6 18. c5 Nd5 19. Ne5 Bxe5 20. dxe5 Rd7 21. Rab1 Bb5 22. Rd4 Nc3 23. Rxb5 Nxb5 24. Rh4 Qe1+ 25. Bf1 h6 26. Re4 Qa1 27. Kg2 Rb7 28. Bd3 Nc3 29. Rc4 Nd5 30. Qa4 Rc8 31. Qa6 Qb2 32. Rc2 Qb4 33. Re2 g6 34. h4 h5 35. a3 Qb3 36. Bc2 Qb5 37. Bd3 Qxa6 38. Bxa6 Rcb8 39. Bxb7 Rxb7 40. Re4 Rb2 41. Ra4 Ne3+ 42. Kf3 Ng4 43. Rxa7 Rxf2+ 44. Ke4 Re2+ 45. Kf4 Rf2+ 46. Ke4 Re2+ 47. Kd4 Rd2+ 48. Kc3 Rg2 49. Rc7 Ne3 50. Rxc6 Nd5+ 51. Kc4 Rxg3 52. Rc8+ Kg7 53. c6 Rc3+ 54. Kd4 g5 55. hxg5 h4 56. c7 h3 57. Rb8 h2 58. Rb1 Rc2 59. Kd3 Rc3+ 60. Kd2 Rc6 61. Rh1 Nxc7 62. Rxh2 Nb5 63. Bb4 Kg6 64. Rf2 Ra6 65. Kd3 Ra7 66. Bc5 Ra4 67. Bb4 Ra7 68. Rb2 Nxa3 69. Ra2 Rd7+ 70. Ke4 Nb5 71. Rd2 Rxd2 72. Bxd2 Nc7 73. Kd4 Nd5 74. Ke4 Ne7 75. Bc1 Kh5 76. Bd2 Ng6 77. Bc1 Kg4 78. Bd2 Nh4 79. Bc1 Nf3 80. Be3 Nxg5+ 81. Kd4 Kf5 82. Bc1 Nf3+ 83. Ke3 Nxe5 84. Ke2 Ke4 85. Bb2 f5 86. Ba1 f4 87. Bb2 f3+ 88. Kf1 1/2-1/2


[Site "https://www.chess.com"]

[Event "Titled Tuesday Blitz January 10 Early 2023"]
[White "Duda, Jan-Krzysztof"]
[Black "Svidler, Peter"]
[WhiteFideId "1170546"]
[BlackFideId "4102142"]
[WhiteElo "2724"]
[BlackElo "2683"]
[Result "1-0"]
[Round "09"]
[TimeControl "180+2"]
[Date "2023.01.10"]
[WhiteClock "0:00:06"]
[BlackClock "0:00:04"]

1. d4 Nf6 2. Nc3 d5 3. Bf4 g6 4. Nb5 Na6 5. e3 Bg7 6. Be2 Ne4 7. a4 c6 8. Na3 O-O 9. Nf3 f6 10. h3 e5 11. Bh2 Nc7 12. O-O exd4 13. exd4 Ne6 14. Re1 f5 15. c3 g5 16. Ne5 f4 17. Nd3 Re8 18. Nb1 Nf8 19. Nd2 Bf5 20. a5 Ng6 21. Nxe4 dxe4 22. Nc5 Re7 23. Bg4 Bxg4 24. Qxg4 Qd5 25. h4 Rf8 26. Qxg5 Rf5 27. Qg4 e3 28. Nd3 Qf7 29. fxe3 h5 30. Qh3 fxe3 31. Rxe3 Rxe3 32. Qxe3 Nxh4 33. Bg3 Ng6 34. a6 bxa6 35. Qe4 h4 36. Bxh4 Rh5 37. Bg3 Rg5 38. Rf1 Qc4 39. Bf4 Nxf4 40. Rxf4 Qd5 41. Qe8+ Kh7 42. Rh4+ Bh6 43. Nf4 Qf5 44. Qe7+ Rg7 45. Rxh6+ 1-0


[Site "https://www.chess.com"]

[Event "Titled Tuesday Blitz January 10 Early 2023"]
[White "Sarana, Alexey"]
[Black "Svane, Rasmus"]
[WhiteFideId "24133795"]
[BlackFideId "4657101"]
[WhiteElo "2685"]
[BlackElo "2623"]
[Result "1-0"]
[Round "09"]
[TimeControl "180+2"]
[Date "2023.01.10"]
[WhiteClock "0:00:39"]
[BlackClock "0:00:04"]

1. c4 Nf6 2. Nc3 e5 3. Nf3 Nc6 4. g3 d5 5. cxd5 Nxd5 6. Bg2 Bc5 7. O-O O-O 8. Qc2 Nf6 9. a3 a5 10. e3 h6 11. h3 Be6 12. Rd1 Bd6 13. d4 exd4 14. Nxd4 Nxd4 15. Rxd4 Qc8 16. Kh2 Be5 17. Rd1 c6 18. f4 Bxc3 19. bxc3 a4 20. Re1 Bb3 21. Qf2 Nd5 22. e4 Nxc3 23. Bb2 Nb5 24. f5 f6 25. e5 fxe5 26. Rxe5 Qd7 27. Rae1 Rae8 28. Qf4 Rxe5 29. Rxe5 Re8 30. f6 g5 31. Qe4 Rxe5 32. Qg6+ Kf8 33. Bxe5 Bd5 34. Qxh6+ Kf7 35. Qh5+ Kf8 36. Qh6+ Kf7 37. Qxg5 Bxg2 38. Qg7+ Ke6 39. Qg4+ Kxe5 40. Qxd7 Bxh3 41. Kxh3 Nc3 42. f7 Ne4 43. f8=Q Nf2+ 44. Kg2 1-0


[Site "https://www.chess.com"]